Map: Orbital Shipyard

Players

Shura (Scarlett)

  • Race: Zerg Zerg
  • League: Master

Monty - Winner!

  • Race: Protoss Protoss
  • League: Grandmaster

Event: DreamHack ZOWIE Open Leipzig

VOD

Have the link to the VOD?

Description

Time

  • Played on: Jan. 22, 2016, 7:35 a.m.
  • Length: 11:34

All games in this series

Show
View Real Time Build Order
Export as new Build Order

Shura Zerg 

Build Orders: Hatch First, Roach Hydra, Roach Nydus 

Get SALT Encoding   

  12  0:00  Drone  
  13  0:09  Drone  
  14  0:17  Overlord  
  14  0:25  Drone, Extractor  
  15  0:35  Drone x2  
  17  0:51  Hatchery  
  17  0:55  Drone  
  17  0:58  Drone  
  18  1:11  Spawning Pool  
  18  1:14  Extractor  
  18  1:16  Drone  
  17  1:19  Drone  
  18  1:31  Drone  
  20  1:43  Hatchery  
  19  1:52  Overlord  
  19  1:55  Drone  
  20  2:02  Queen  
  22  2:09  Drone  
  23  2:16  Queen  
  23  2:18  Drone  
  23  2:19  Drone  
  23  2:22  Drone  
  28  2:24  Drone  
  28  2:29  Drone  
  30  2:32  Drone  
  31  2:38  Queen  
  31  2:42  Overlord  
  33  2:45  Drone  
  33  2:48  Drone  
  35  2:54  Queen  
  35  2:56  Queen  
  39  2:59  Drone  
  39  3:02  Zergling x4  
  42  3:08  Zergling x4  
  42  3:10  Zergling x2  
  45  3:13  Overlord, Drone  
  45  3:16  Drone  
  45  3:17  Drone  
  48  3:26  Drone x2  
  50  3:33  Drone x5  
  55  3:39  Overlord  
  55  3:40  Drone  
  56  3:43  Extractor  
  56  3:44  Overlord  
  56  3:45  Extractor x2  
  56  3:48  Overlord  
  53  3:49  Drone x2  
  53  3:54  Drone x3  
  58  4:00  Overlord  
  58  4:03  Drone x4  
  58  4:06  Drone  
  58  4:09  Drone x2  
  65  4:10  Drone  
  65  4:12  Roach Warren  
  65  4:15  Overlord  
  65  4:16  Drone  
  66  4:22  Drone  
  66  4:23  Lair  
  67  4:24  Drone  
  67  4:26  Extractor  
  67  4:27  Drone x2  
  67  4:29  Drone  
  70  4:31  Drone x2  
  70  4:33  Drone  
  70  4:35  Drone x2  
  75  4:43  Drone  
  75  4:44  Drone x2  
  78  4:54  Drone  
  78  4:56  Evolution Chamber  
  78  4:59  Evolution Chamber, Drone x6  
  83  5:03  Extractor x2  
  83  5:04  Metabolic Boost  
  83  5:05  Drone  
  83  5:06  Drone  
  83  5:07  Drone x3  
  83  5:09  Hatchery  
  85  5:15  Drone x4  
  85  5:20  Roach x4  
  97  5:21  Zerg Missile Weapons Level 1  
  97  5:28  Hydralisk Den  
  96  5:29  Zerg Ground Armor Level 1  
  96  5:39  Spore Crawler  
  95  5:47  Spore Crawler, Overlord x3  
  90  5:57  Overlord x6  
  90  6:00  Muscular Augments  
  90  6:03  Spore Crawler  
  89  6:06  Overlord x2  
  89  6:08  Drone x6  
  93  6:14  Hydralisk x3  
  99  6:19  Hydralisk  
  99  6:20  Hydralisk  
  99  6:22  Spore Crawler  
  99  6:25  Drone x2  
  104  6:27  Queen  
  104  6:28  Drone  
  107  6:34  Drone x5  
  110  6:40  Drone x2  
  110  6:41  Spore Crawler  
  110  6:42  Hydralisk x2  
  114  6:49  Drone, Nydus Network, Queen  
  112  6:54  Drone  
  112  6:55  Drone x2, Spore Crawler  
  112  7:00  Hydralisk  
  112  7:01  Hydralisk  
  116  7:05  Drone x2  
  116  7:08  Hydralisk x3  
  120  7:15  Drone x2  
  126  7:16  Drone x2  
  126  7:20  Hydralisk  
  127  7:25  Zerg Missile Weapons Level 2  
  127  7:26  Zerg Ground Armor Level 2  
  127  7:27  Hydralisk  
  127  7:28  Hydralisk x2  
  133  7:36  Hydralisk  
  133  7:37  Hydralisk x5  
  135  7:39  Overlord  
  145  7:47  Overseer  
  145  7:54  Nydus Canal  
  145  7:55  Overlord x2  
  145  7:56  Roach x4  
  153  7:59  Roach  
  153  8:04  Roach x6  
  166  8:16  Nydus Canal  
  166  8:18  Roach x6  
  178  8:22  Roach  
  180  8:27  Roach x2  
  180  8:32  Overlord x2  
  174  8:47  Roach x2  
  174  8:48  Roach x10  
  151  8:55  Hydralisk  
  151  8:56  Hydralisk  
  151  8:58  Hydralisk x3  
  151  9:03  Hydralisk  
  151  9:04  Hydralisk x2  
  145  9:13  Hydralisk  
  145  9:14  Hydralisk x3  
  149  9:20  Drone x3  
  149  9:21  Queen, Extractor x2  
  149  9:22  Drone x3  
  155  9:26  Infestation Pit  
  154  9:32  Lurker Den  
  154  9:38  Drone x2  
  154  9:39  Drone  
  154  9:44  Hatchery, Overseer  
  156  9:51  Hydralisk  
  156  9:52  Hydralisk x5  
  168  10:06  Spine Crawler  
  167  10:10  Hive  
  167  10:11  Hydralisk x5  
  177  10:24  Hydralisk  
  177  10:25  Hydralisk x5  
  189  10:31  Spine Crawler  
  189  10:32  Spine Crawler  
  189  10:35  Roach x8  
  199  10:36  Spine Crawler x2  
  199  10:38  Spine Crawler, Extractor  
  199  10:39  Spine Crawler  
  173  10:43  Extractor  
  173  10:45  Roach x8  
  172  10:56  Roach x6  
  156  11:01  Roach  
  156  11:02  Roach  
  149  11:09  Roach  
  149  11:10  Roach x3  
Show
View Real Time Build Order
Export as new Build Order

Monty Protoss - Winner!

Build Orders: Adept Opening, Nexus First, Phoenix Opening, Zealot Archon 

Get SALT Encoding   

  12  0:01  Probe (Chrono Boost)  
  13  0:12  Probe (Chrono Boost)  
  14  0:18  Pylon  
  14  0:22  Probe (Chrono Boost)  
  15  0:36  Probe (Chrono Boost)  
  16  0:47  Probe (Chrono Boost)  
  17  0:59  Nexus  
  17  1:09  Gateway  
  17  1:12  Probe (Chrono Boost)  
  17  1:17  Assimilator  
  18  1:23  Probe (Chrono Boost)  
  19  1:27  Assimilator  
  19  1:33  Probe (Chrono Boost)  
  20  1:43  Gateway  
  20  1:44  Probe (Chrono Boost)  
  21  1:54  Probe (Chrono Boost)  
  21  1:57  Cybernetics Core  
  22  2:05  Probe (Chrono Boost)  
  23  2:12  Probe (Chrono Boost)  
  24  2:16  Probe (Chrono Boost)  
  24  2:22  Probe (Chrono Boost)  
  26  2:26  Probe (Chrono Boost)  
  27  2:32  Probe (Chrono Boost)  
  27  2:33  Adept x2 (Chrono Boost)  
  27  2:35  Warp Gate  
  32  2:37  Probe  
  32  2:42  Pylon  
  33  2:44  Probe (Chrono Boost)  
  33  2:49  Probe (Chrono Boost)  
  35  2:56  Probe (Chrono Boost)  
  35  2:58  Sentry  
  38  3:00  Probe (Chrono Boost)  
  39  3:07  Probe (Chrono Boost)  
  39  3:11  Mothership Core (Chrono Boost)  
  42  3:24  Nexus  
  42  3:25  Pylon  
  42  3:26  Probe (Chrono Boost)  
  43  3:29  Probe (Chrono Boost)  
  44  3:36  Probe (Chrono Boost)  
  44  3:37  Pylon  
  45  3:42  Probe (Chrono Boost)  
  45  3:43  Stargate  
  45  3:44  Stargate  
  45  3:47  Probe (Chrono Boost)  
  47  3:52  Probe (Chrono Boost)  
  48  3:57  Probe (Chrono Boost)  
  48  3:58  Pylon  
  48  4:00  Assimilator  
  50  4:03  Probe (Chrono Boost)  
  50  4:06  Assimilator  
  50  4:08  Probe (Chrono Boost)  
  51  4:13  Probe (Chrono Boost), Pylon  
  52  4:18  Probe (Chrono Boost)  
  52  4:21  Pylon  
  52  4:24  Probe (Chrono Boost)  
  54  4:29  Probe (Chrono Boost)  
  54  4:31  Phoenix x2 (Chrono Boost)  
  57  4:34  Probe  
  57  4:35  Probe  
  61  4:40  Probe, Adept x2  
  66  4:45  Probe  
  66  4:46  Probe  
  69  4:52  Probe  
  69  4:53  Phoenix x2 (Chrono Boost)  
  69  4:56  Probe  
  69  4:59  Probe  
  75  5:02  Pylon  
  75  5:04  Probe  
  75  5:06  Probe  
  76  5:07  Adept x2  
  76  5:11  Probe  
  82  5:15  Phoenix x2 (Chrono Boost)  
  82  5:21  Probe  
  86  5:22  Probe  
  86  5:23  Probe  
  86  5:25  Assimilator  
  86  5:27  Assimilator  
  89  5:30  Pylon  
  89  5:35  Probe x2  
  91  5:37  Probe, Phoenix x2 (Chrono Boost)  
  96  5:47  Probe x3  
  97  5:58  Phoenix (Chrono Boost)  
  97  5:59  Probe x3, Phoenix (Chrono Boost)  
  97  6:04  Pylon  
  104  6:11  Probe  
  104  6:12  Robotics Facility  
  104  6:15  Pylon  
  104  6:16  Robotics Facility  
  106  6:18  Probe  
  106  6:19  Pylon  
  106  6:20  Phoenix (Chrono Boost)  
  106  6:23  Twilight Council  
  106  6:24  Forge  
  108  6:37  Probe x2  
  110  6:43  Gateway  
  110  6:44  Gateway x2  
  110  6:47  Gateway  
  110  6:48  Gateway  
  110  6:52  Zealot x2  
  114  6:58  Charge (Chrono Boost)  
  114  7:00  Immortal x2 (Chrono Boost)  
  114  7:07  Protoss Ground Weapons Level 1 (Chrono Boost)  
  122  7:09  Protoss Air Weapons Level 1  
  122  7:25  Gateway  
  122  7:26  Gateway  
  122  7:29  Templar Archives  
  122  7:30  Gateway  
  122  7:32  Gateway  
  122  7:33  Pylon  
  122  7:34  Immortal  
  122  7:36  Pylon  
  122  7:39  Observer  
  122  7:40  Pylon  
  122  7:42  Pylon  
  127  7:49  Zealot x3  
  127  7:50  Zealot x4  
  141  8:04  Probe  
  142  8:06  Pylon  
  142  8:13  High Templar x3  
  142  8:14  High Templar x3  
  142  8:18  Nexus  
  142  8:19  Archon x2  
  154  8:20  Immortal, Pylon, Archon  
  154  8:21  Pylon  
  158  8:27  Zealot x3  
  158  8:28  Zealot x2  
  158  8:33  Pylon  
  152  8:48  Zealot x2  
  152  8:49  Zealot x5  
  152  8:52  Phoenix x2  
  152  8:54  Immortal  
  160  9:00  Immortal  
  150  9:16  High Templar x2  
  148  9:17  Zealot x4  
  148  9:21  Archon  
  156  9:28  Warp Prism  
  156  9:30  Pylon  
  156  9:31  Pylon  
  156  9:36  Photon Cannon  
  158  9:40  Photon Cannon  
  158  9:46  High Templar x4  
  158  9:47  Zealot  
  168  9:54  Archon, Assimilator x2  
  168  9:56  Photon Cannon  
  168  10:02  Archon  
  168  10:09  Zealot x4  
  168  10:10  Zealot x3  
  182  10:20  Photon Cannon  
  182  10:23  Oracle  
  185  10:29  Zealot x5  
  185  10:30  Zealot x2  
  187  10:47  Zealot x4  
  159  11:07  Phoenix  
  159  11:08  Zealot, Phoenix  
  159  11:09  Zealot x4  
  167  11:12  Zealot x3  
  167  11:13  Zealot x2  
  169  11:30  Zealot x4  
  169  11:31  Zealot x2  

Tags
 
Add a new tag
Caveats
  • Supply blocks, unpowered buildings, or Contaminate may cause inaccurate times.
  • Supply counts are checked every 10 seconds.